[Event "Titled Tuesday Blitz January 03 Late 2023"]
[White "Baskakov, Egor"]
[Black "Martinez Alcantara, Jose Eduardo"]
[WhiteFideId "24197866"]
[BlackFideId "3805662"]
[WhiteElo "2215"]
[BlackElo "2619"]
[Result "1/2-1/2"]
[Round "08"]
[TimeControl "180+2"]
[Date "2023.01.03"]
[WhiteClock "0:00:11"]
[BlackClock "0:00:04"]

1. e4 c5 2. Nf3 Nc6 3. Nc3 g6 4. d4 cxd4 5. Nxd4 Bg7 6. Nde2 Nf6 7. g3 O-O 8. Bg2 d6 9. h3 Rb8 10. a4 a6 11. O-O Bd7 12. Nd5 Ne5 13. Ra2 Bc6 14. b3 e6 15. Nxf6+ Bxf6 16. c4 Qc7 17. a5 Bg7 18. Be3 f5 19. f4 Nf7 20. Nd4 Bxd4 21. Qxd4 Bxe4 22. Bxe4 fxe4 23. Qxe4 Rfe8 24. Bb6 Qc6 25. Qe2 Qd7 26. Rd2 e5 27. Qg4 Qe7 28. fxe5 Nxe5 29. Qe4 Qe6 30. Qd5 Nf7 31. Qxe6 Rxe6 32. Rfd1 Rbe8 33. Kg2 h5 34. b4 Ne5 35. c5 Nc4 36. cxd6 Nxd2 37. d7 Nc4 38. dxe8=Q+ Rxe8 39. Rd7 Re2+ 40. Kf1 Rb2 41. Bc5 Rb3 42. g4 h4 43. Kg2 Rb2+ 44. Kg1 Rb1+ 45. Kg2 Rb2+ 46. Kg1 Rb3 47. Rxb7 Nxa5 48. Rb6 Nc4 49. Rxg6+ Kf7 50. Rxa6 Rxh3 51. b5 Rb3 52. b6 Ne5 53. Ra4 Ke6 54. Rb4 Rxb4 55. Bxb4 Kd7 56. g5 Kc6 57. Kg2 Kxb6 58. Bc3 Ng6 59. Kh3 Kc6 60. Be1 Kd5 61. Bxh4 Ke6 62. Kg4 Ne5+ 63. Kh5 Kf5 64. g6 Nxg6 1/2-1/2


[Site "https://www.chess.com"]

[Event "Titled Tuesday Blitz January 03 Late 2023"]
[White "Mosadeghpour, Masoud"]
[Black "Caruana, Fabiano"]
[WhiteFideId "12519278"]
[BlackFideId "2020009"]
[WhiteElo "2472"]
[BlackElo "2764"]
[Result "1-0"]
[Round "08"]
[TimeControl "180+2"]
[Date "2023.01.03"]
[WhiteClock "0:02:18"]
[BlackClock "0:00:36"]

1. e4 e6 2. d4 d5 3. exd5 exd5 4. Nf3 Bg4 5. Bd3 Nc6 6. c3 Qd7 7. O-O O-O-O 8. b3 f6 9. Na3 g5 10. b4 Kb8 11. Re1 h5 12. Nc2 Bd6 13. a4 h4 14. a5 Bh5 15. b5 Nce7 16. b6 g4 17. Nxh4 Bxh2+ 18. Kf1 g3 19. f3 Bf7 20. Bf4 Rxh4 21. Bxc7+ Kc8 22. a6 Qc6 23. axb7+ Kd7 24. Bxd8 1-0


[Site "https://www.chess.com"]

[Event "Titled Tuesday Blitz January 03 Late 2023"]
[White "Zakhartsov, Vladimir"]
[Black "Bluebaum, Matthias"]
[WhiteFideId "4145097"]
[BlackFideId "24651516"]
[WhiteElo "2552"]
[BlackElo "2669"]
[Result "0-1"]
[Round "08"]
[TimeControl "180+2"]
[Date "2023.01.03"]
[WhiteClock "0:00:03"]
[BlackClock "0:00:28"]

1. c4 e6 2. d4 d5 3. Nf3 Nf6 4. Nc3 Bb4 5. Qa4+ Nc6 6. e3 O-O 7. Qc2 Ne7 8. Bd2 c5 9. a3 Bxc3 10. Bxc3 cxd4 11. Bxd4 Bd7 12. Bxf6 gxf6 13. Bd3 dxc4 14. Bxh7+ Kg7 15. Be4 Qa5+ 16. Qd2 Qxd2+ 17. Nxd2 f5 18. Bxb7 Rab8 19. Ba6 Rb6 20. Bxc4 Rxb2 21. Nf3 Rc8 22. Ne5 Be8 23. O-O Kf6 24. f4 Ng6 25. Rf2 Rxf2 26. Kxf2 Nxe5 27. fxe5+ Kxe5 28. Bd3 Rb8 29. h4 Rb3 30. Be2 Rb2 31. Kf1 Bc6 32. g3 Bd5 33. Rc1 Rb3 34. a4 Rxe3 35. Kf2 Ra3 36. h5 Kf6 37. Rc8 Kg7 38. Rc7 Rxa4 39. h6+ Kxh6 40. Rxf7 Kg6 41. Rc7 Ra3 42. Rd7 a5 43. Ra7 Kf6 44. Ra6 Ke5 45. Ra7 Ra2 46. Ke3 a4 47. g4 f4+ 48. Kd3 Be4+ 49. Kc3 Rxe2 50. Ra5+ Bd5 51. Rxa4 f3 52. Ra1 f2 53. g5 Re1 0-1


[Site "https://www.chess.com"]

[Event "Titled Tuesday Blitz January 03 Late 2023"]
[White "Chigaev, Maksim"]
[Black "Kravtsiv, Martyn"]
[WhiteFideId "4108116"]
[BlackFideId "14113147"]
[WhiteElo "2628"]
[BlackElo "2598"]
[Result "1-0"]
[Round "08"]
[TimeControl "180+2"]
[Date "2023.01.03"]
[WhiteClock "0:00:06"]
[BlackClock "0:00:02"]

1. e4 e5 2. Bc4 Nf6 3. d3 Nc6 4. Nf3 Bc5 5. c3 O-O 6. Bg5 h6 7. Bh4 Be7 8. Nbd2 d6 9. a4 Kh8 10. Qe2 Nh7 11. Bg3 f5 12. exf5 Bxf5 13. O-O Ng5 14. Nxg5 Bxg5 15. Bd5 Ne7 16. Be4 Bxd2 17. Qxd2 Bxe4 18. dxe4 a5 19. f4 exf4 20. Bxf4 Kh7 21. e5 Ng6 22. exd6 Nxf4 23. Rxf4 Qxd6 24. Qxd6 cxd6 25. Rxf8 Rxf8 26. Rd1 Rd8 27. Rd5 b6 28. Kf2 Kg6 29. Ke3 Kf6 30. Rb5 Rb8 31. Kd4 Ke6 32. h4 g6 33. g4 Kd7 34. Kd5 Kc7 35. Ke6 Re8+ 36. Kf6 Re4 37. h5 gxh5 38. gxh5 Rxa4 39. Kg6 Kc6 40. Rf5 Ra2 41. b4 a4 42. b5+ Kd7 43. Kxh6 Rg2 44. Rf7+ Ke6 45. Ra7 Rg4 46. Ra6 Kd5 47. Rxb6 Kc5 48. Rb8 a3 49. b6 Ra4 50. b7 a2 51. Rc8+ Kd5 52. b8=Q a1=Q 53. Qb5+ Ke4 54. Re8+ Kf3 55. Qe2+ Kg3 56. Rg8+ Kf4 57. Rf8+ Kg3 58. Qf3+ Kh2 59. Qf2+ Kh1 60. Qf3+ Kh2 61. Qe2+ Kh1 62. Rf1+ 1-0


[Site "https://www.chess.com"]

[Event "Titled Tuesday Blitz January 03 Late 2023"]
[White "Timmermans, Mark"]
[Black "Oparin, Grigoriy"]
[WhiteFideId "1026399"]
[BlackFideId "24125890"]
[WhiteElo "2392"]
[BlackElo "2667"]
[Result "0-1"]
[Round "08"]
[TimeControl "180+2"]
[Date "2023.01.03"]
[WhiteClock "0:00:18"]
[BlackClock "0:00:14"]

1. e4 g6 2. d4 Bg7 3. Nc3 d6 4. f4 a6 5. a4 Nf6 6. Nf3 O-O 7. Bd3 Bg4 8. e5 dxe5 9. dxe5 Nd5 10. Ne4 Nb4 11. Be2 Qxd1+ 12. Bxd1 Bxf3 13. gxf3 N8c6 14. Be3 f6 15. exf6 exf6 16. c3 f5 17. Bb3+ Kh8 18. Ng5 Rae8 19. Ke2 Bd4 20. Nf7+ Rxf7 21. Bxf7 Rxe3+ 22. Kd2 Re7 23. cxb4 Rxf7 24. b5 axb5 25. axb5 Ne7 26. Ra8+ Kg7 27. Kd3 Bb6 28. Kc4 Ng8 29. Rd1 Nf6 30. Rb8 Nh5 31. Rxb7 Nxf4 32. Rb8 g5 33. Rbd8 Kg6 34. R8d7 Rxd7 35. Rxd7 h5 36. Kc3 g4 37. fxg4 fxg4 38. Kd2 h4 39. Rd8 Kf5 40. Rg8 Bg1 41. Rg7 Ne6 42. Rh7 h3 43. Rf7+ Ke5 44. Ke2 Bxh2 45. b6 cxb6 46. Kf2 g3+ 47. Kf3 g2 0-1


[Site "https://www.chess.com"]

[Event "Titled Tuesday Blitz January 03 Late 2023"]
[White "Kuzmicz, Krystian"]
[Black "Tang, Andrew"]
[WhiteFideId "1119125"]
[BlackFideId "2059630"]
[WhiteElo "2466"]
[BlackElo "2523"]
[Result "0-1"]
[Round "08"]
[TimeControl "180+2"]
[Date "2023.01.03"]
[WhiteClock "0:00:04"]
[BlackClock "0:00:29"]

1. e4 e5 2. Nf3 Nc6 3. Nc3 g6 4. Bc4 Bg7 5. d3 Nf6 6. O-O d6 7. h3 O-O 8. a3 h6 9. Be3 Kh7 10. Qd2 Nh5 11. d4 f5 12. dxe5 fxe4 13. Nxe4 Rxf3 14. gxf3 Nxe5 15. Be2 Bxh3 16. f4 Bxf1 17. Rxf1 Qh4 18. fxe5 Qxe4 19. exd6 Rd8 20. Qa5 Rxd6 21. Qxc7 Nf4 22. Bxf4 Qxf4 23. Bd3 Qg4+ 24. Kh1 Rd5 25. Qg3 Qh5+ 26. Qh2 Qf3+ 27. Qg2 Rh5+ 28. Kg1 Rg5 0-1


[Site "https://www.chess.com"]

[Event "Titled Tuesday Blitz January 03 Late 2023"]
[White "Nasuta, Grzegorz"]
[Black "Deac, Bogdan-Daniel"]
[WhiteFideId "1141686"]
[BlackFideId "1226380"]
[WhiteElo "2552"]
[BlackElo "2700"]
[Result "0-1"]
[Round "08"]
[TimeControl "180+2"]
[Date "2023.01.03"]
[WhiteClock "0:00:35"]
[BlackClock "0:02:30"]

1. e4 c5 2. Nf3 d6 3. d4 cxd4 4. Nxd4 Nf6 5. Nc3 e5 6. Bb5+ Nbd7 7. Nf5 a6 8. Bxd7+ Qxd7 9. Bg5 Nxe4 10. Nxg7+ Bxg7 11. Nxe4 O-O 12. Qxd6 f6 13. Be3 Qg4 14. f3 Qxg2 15. O-O-O Qxf3 16. Qd5+ Kh8 17. Bc5 Bh6+ 18. Kb1 Bf5 19. Nxf6 Rxf6 20. Qxf3 Bxc2+ 21. Kxc2 Rxf3 22. Rhe1 Rc8 23. Rxe5 b6 0-1


[Site "https://www.chess.com"]

[Event "Titled Tuesday Blitz January 03 Late 2023"]
[White "Bortnyk, Olexandr"]
[Black "Riehle, Marco"]
[WhiteFideId "14120828"]
[BlackFideId "12904392"]
[WhiteElo "2605"]
[BlackElo "2368"]
[Result "0-1"]
[Round "08"]
[TimeControl "180+2"]
[Date "2023.01.03"]
[WhiteClock "0:00:01"]
[BlackClock "0:00:11"]

1. e4 e5 2. Bc4 Nf6 3. d3 c6 4. Nf3 d5 5. Bb3 Bd6 6. Nc3 Be6 7. Ng5 O-O 8. Qf3 h6 9. Nxe6 fxe6 10. Qh3 Qe7 11. O-O Nbd7 12. Bd2 Nc5 13. Rae1 a5 14. a3 Nxb3 15. cxb3 b5 16. Kh1 Bc5 17. exd5 exd5 18. f4 e4 19. dxe4 dxe4 20. f5 Rad8 21. Bf4 Rfe8 22. Ne2 Rd3 23. Qh4 Nd5 24. Qh5 Rxb3 25. Bxh6 gxh6 26. Qg6+ Kh8 27. f6 Nxf6 28. Rxf6 Rg8 29. Qxh6+ Qh7 30. Rxc6 Qxh6 31. Rxh6+ Kg7 32. Rh5 Bf2 33. Rd1 Rxb2 34. Rg5+ Kf7 35. Rf5+ Ke7 36. Re5+ Kf6 37. Rxe4 Ba7 38. Rf1+ Kg5 39. h4+ Kh6 40. g4 b4 41. Rf7 Bf2 42. Re6+ Rg6 43. g5+ Kh5 44. Nf4+ Kg4 45. Nxg6 Kg3 46. Rf3+ Kxf3 47. Kh2 Bg3+ 48. Kg1 Rb1+ 0-1


[Site "https://www.chess.com"]

[Event "Titled Tuesday Blitz January 03 Late 2023"]
[White "Paravyan, David"]
[Black "Fernandez Guillen, Ernesto J."]
[WhiteFideId "4194985"]
[BlackFideId "3512428"]
[WhiteElo "2601"]
[BlackElo "2477"]
[Result "1/2-1/2"]
[Round "08"]
[TimeControl "180+2"]
[Date "2023.01.03"]
[WhiteClock "0:00:04"]
[BlackClock "0:00:03"]

1. e4 e5 2. Nf3 Nc6 3. Nc3 g6 4. d4 exd4 5. Nd5 Bg7 6. Bg5 f6 7. Bf4 d6 8. Nxd4 Nge7 9. Nb5 Nxd5 10. exd5 Ne5 11. Be2 O-O 12. O-O g5 13. Bxe5 fxe5 14. Bg4 Rf4 15. Bxc8 Qxc8 16. Qe2 Qd7 17. c4 g4 18. Rae1 h5 19. Nc3 Raf8 20. Ne4 Qf5 21. f3 gxf3 22. Rxf3 Rxf3 23. Qxf3 Qxf3 24. gxf3 Rxf3 25. Kg2 Rf4 26. b3 Bf8 27. h3 Be7 28. Re2 Kh7 29. Nc3 a6 30. Re4 Rf8 31. c5 Kg6 32. Rb4 Rb8 33. c6 b6 34. Ra4 a5 35. Nb5 Rc8 36. Kf3 Kf5 37. a3 Bg5 38. Ke2 e4 39. Nc3 Re8 40. b4 axb4 41. axb4 Bf6 42. Nb5 Rc8 43. Ra7 Bd8 44. Ke3 Ke5 45. Nc3 Bg5+ 46. Ke2 Kd4 47. Nb5+ Kxd5 48. Nxc7+ Kxc6 49. b5+ Kd7 50. Nd5+ Ke6 51. Nxb6 Rb8 52. Ra6 d5 53. Nc4+ Kf5 54. Nd6+ Kf4 55. b6 d4 56. b7 d3+ 57. Kd1 e3 58. Ra8 e2+ 59. Kd2 Ke5+ 60. Kxd3 e1=Q 61. Rxb8 Qd2+ 62. Kc4 Qd4+ 63. Kb5 Qd5+ 64. Ka4 Qa2+ 65. Kb5 Qb3+ 66. Ka6 Qa4+ 67. Kb6 Be3+ 68. Kc7 Qa5+ 69. Kd7 Qa4+ 70. Kc7 Qa5+ 71. Kd7 Qa4+ 72. Kc7 1/2-1/2


[Site "https://www.chess.com"]

[Event "Titled Tuesday Blitz January 03 Late 2023"]
[White "Saric, Ibro"]
[Black "Jobava, Baadur"]
[WhiteFideId "14401290"]
[BlackFideId "13601520"]
[WhiteElo "2531"]
[BlackElo "2578"]
[Result "0-1"]
[Round "08"]
[TimeControl "180+2"]
[Date "2023.01.03"]
[WhiteClock "0:00:01"]
[BlackClock "0:02:35"]

1. d4 Nf6 2. c4 c5 3. d5 d6 4. Nc3 g6 5. e4 Bg7 6. Bd3 O-O 7. Nf3 e6 8. O-O exd5 9. exd5 Bg4 10. h3 Bxf3 11. Qxf3 Nfd7 12. Qd1 Ne5 13. Be2 f5 14. f4 Nf7 15. Qc2 Nd7 16. Bd2 h5 17. Rae1 Qh4 18. Kh2 Rae8 19. g3 Qd8 20. Bf3 a6 21. Re6 Nf6 22. Rfe1 Qd7 23. b3 Nd8 24. Rxe8 Rxe8 25. Rxe8+ Nxe8 26. a4 Nf7 27. Qd3 Nc7 28. Nd1 b5 29. axb5 axb5 30. Nc3 bxc4 31. bxc4 Na8 32. Nb5 Nb6 33. Ba5 Na4 34. Qb3 Nb2 35. Bd2 Qe7 36. Kg2 h4 37. g4 fxg4 38. hxg4 g5 39. Qc2 gxf4 40. Bxf4 Ng5 41. Qf5 h3+ 42. Kg3 Be5 43. Qg6+ Kf8 44. Qh6+ Ke8 45. Qh5+ Kd7 0-1


[Site "https://www.chess.com"]

[Event "Titled Tuesday Blitz January 03 Late 2023"]
[White "Tari, Aryan"]
[Black "Rozman, Levy"]
[WhiteFideId "1510045"]
[BlackFideId "2039877"]
[WhiteElo "2642"]
[BlackElo "2322"]
[Result "1-0"]
[Round "08"]
[TimeControl "180+2"]
[Date "2023.01.03"]
[WhiteClock "0:00:10"]
[BlackClock "0:00:02"]

1. Nf3 g6 2. e4 Bg7 3. d4 d6 4. Bd3 Nc6 5. d5 Nb8 6. O-O Nf6 7. h3 O-O 8. c4 e5 9. dxe6 Bxe6 10. Nc3 Nc6 11. Bf4 Nh5 12. Bh2 Ne5 13. Qe2 c6 14. g4 Bxg4 15. hxg4 Nxg4 16. Kh1 Nxh2 17. Nxh2 Be5 18. Qg4 Nf4 19. Rad1 h5 20. Qf3 Qh4 21. Qg3 Qf6 22. Qf3 Qh4 23. Qg3 Qf6 24. Rg1 Ne2 25. Qf3 Qh4 26. Rg2 Nf4 27. Rg3 Ne6 28. Rh3 Qe7 29. Rg1 Ng5 30. Qg2 Nxh3 31. Qxh3 Qf6 32. Nf3 Bxc3 33. bxc3 Rae8 34. e5 dxe5 35. Be4 Kg7 36. Nh4 Qxf2 37. Nxg6 fxg6 38. Rxg6+ Kf7 39. Qxh5 Rh8 40. Rh6+ Ke7 41. Qxe5+ Kd8 42. Qb8+ Ke7 43. Qc7+ 1-0


[Site "https://www.chess.com"]

[Event "Titled Tuesday Blitz January 03 Late 2023"]
[White "Lazavik, Denis"]
[Black "Salimova, Nurgyul"]
[WhiteFideId "13515110"]
[BlackFideId "2915138"]
[WhiteElo "2544"]
[BlackElo "2391"]
[Result "1/2-1/2"]
[Round "08"]
[TimeControl "180+2"]
[Date "2023.01.03"]
[WhiteClock "0:00:09"]
[BlackClock "0:00:03"]

1. d4 Nf6 2. c4 e6 3. Nf3 d5 4. Nc3 c6 5. Bg5 dxc4 6. e4 b5 7. e5 h6 8. Bh4 g5 9. Nxg5 hxg5 10. Bxg5 Be7 11. exf6 Bxf6 12. Be3 Na6 13. Be2 Nb4 14. a4 Bxd4 15. axb5 Bxe3 16. fxe3 Qg5 17. O-O Qxe3+ 18. Kh1 Qe5 19. h3 cxb5 20. Bf3 Rb8 21. Rxa7 Nd3 22. Bc6+ Kd8 23. Raxf7 Rb6 24. Be4 Rd6 25. Qg4 Bd7 26. Bxd3 cxd3 27. Qf3 Bc6 28. Rf8+ Rxf8 29. Qxf8+ Kc7 30. Qf2 Qd4 31. Qg3 d2 32. Rd1 Qd3 33. Kh2 Qxg3+ 34. Kxg3 Rd3+ 35. Kf2 e5 36. Nb1 e4 37. Ke2 Rg3 38. Nxd2 Rxg2+ 39. Ke3 Rg3+ 40. Kf4 Rxh3 41. Re1 Rh2 42. Nb3 Rxb2 43. Nd4 Bd5 44. Ke5 Bc4 45. Rxe4 Kb6 46. Rh4 Rf2 47. Rh6+ Kc5 48. Rc6+ Kb4 49. Rc8 Rf1 50. Ke4 Re1+ 51. Kf3 Rf1+ 52. Ke3 Rf6 53. Rc7 Rd6 54. Rc8 Rd5 55. Ke4 Rd6 56. Rh8 Ra6 57. Rc8 Ra2 58. Nc6+ Kc3 59. Ne5 Re2+ 60. Kf4 Re1 61. Rc7 Rf1+ 62. Ke3 Re1+ 63. Kf4 Rf1+ 64. Ke4 Re1+ 65. Kf4 1/2-1/2


[Site "https://www.chess.com"]

[Event "Titled Tuesday Blitz January 03 Late 2023"]
[White "Shimanov, Aleksandr"]
[Black "Goryachkina, Aleksandra"]
[WhiteFideId "4198603"]
[BlackFideId "4147103"]
[WhiteElo "2581"]
[BlackElo "2571"]
[Result "1-0"]
[Round "08"]
[TimeControl "180+2"]
[Date "2023.01.03"]
[WhiteClock "0:00:46"]
[BlackClock "0:00:04"]

1. e4 c5 2. Nf3 e6 3. c3 Nf6 4. Bd3 d5 5. e5 Nfd7 6. Bc2 Nc6 7. d4 b6 8. O-O Ba6 9. Re1 Be7 10. a3 Rc8 11. Be3 O-O 12. Nbd2 cxd4 13. cxd4 Na5 14. Qb1 g6 15. b3 Rc7 16. Nf1 Qc8 17. Ra2 Bxf1 18. Rxf1 b5 19. Bd2 Nc6 20. Bd3 b4 21. a4 Qb7 22. h4 Rfc8 23. h5 Nf8 24. a5 a6 25. g3 Na7 26. Kg2 Nb5 27. Qe1 Nc3 28. Ra1 Ne4 29. Rh1 Nxd2 30. Qxd2 Rc3 31. Rab1 R8c6 32. Nh2 Qc7 33. Ng4 Qd8 34. hxg6 fxg6 35. Qf4 Rxd3 36. Nh6+ Kg7 37. Qf7+ 1-0


[Site "https://www.chess.com"]

[Event "Titled Tuesday Blitz January 03 Late 2023"]
[White "Sai Krishna G V"]
[Black "Melkumyan, Hrant"]
[WhiteFideId "5028280"]
[BlackFideId "13302485"]
[WhiteElo "2384"]
[BlackElo "2645"]
[Result "1/2-1/2"]
[Round "08"]
[TimeControl "180+2"]
[Date "2023.01.03"]
[WhiteClock "0:00:12"]
[BlackClock "0:00:08"]

1. e4 c5 2. Nf3 Nc6 3. Nc3 e5 4. Bc4 Be7 5. d3 d6 6. O-O Nf6 7. h3 O-O 8. Bg5 Na5 9. Bxf6 Bxf6 10. Bd5 Nc6 11. Nd2 Ne7 12. Nc4 a6 13. a4 g6 14. a5 Nxd5 15. Nxd5 Rb8 16. c3 Bg7 17. f4 exf4 18. Rxf4 Be6 19. Ncb6 Qg5 20. h4 Qg3 21. Qf3 Qxf3 22. Rxf3 Rbd8 23. Nf6+ Kh8 24. Raf1 h5 25. Kf2 Bh6 26. Kg3 Kg7 27. Nfd5 Kh7 28. Nc7 Kg8 29. Nbd5 Bg7 30. Ne7+ Kh7 31. Nxe6 fxe6 32. Rxf8 Rxf8 33. Rxf8 Bxf8 34. Nc8 Kg8 35. Kf4 Kf7 36. e5 d5 37. c4 Ke8 38. g4 hxg4 39. Kxg4 Kd7 40. Nb6+ Kc6 41. Kg5 Bg7 42. Kxg6 Bxe5 43. b3 Bc3 44. h5 Bxa5 45. Na4 Bc7 46. Kf6 b5 47. Nb2 Ba5 48. Nd1 dxc4 49. dxc4 Bd2 50. Kxe6 b4 51. Nf2 a5 52. Ne4 Bc1 53. Nf2 Be3 54. Nd3 Bd2 55. Ne5+ Kc7 56. Kd5 a4 57. bxa4 b3 58. Nd3 Bc3 59. h6 Kb6 60. h7 b2 61. Nxb2 Bxb2 62. a5+ Kxa5 63. Kxc5 Ka6 64. Kd6 Kb7 65. Kd7 Kb6 66. Kd6 Kb7 67. c5 Kc8 68. Ke6 Bh8 69. Kf7 Kc7 70. Kg8 Bd4 71. Kf7 Kc6 72. Ke6 Kxc5 73. Kf7 Kd6 74. Kg8 Ke7 75. h8=B 1/2-1/2


[Site "https://www.chess.com"]

[Event "Titled Tuesday Blitz January 03 Late 2023"]
[White "Svane, Rasmus"]
[Black "Morefield, Jason"]
[WhiteFideId "4657101"]
[BlackFideId "30920825"]
[WhiteElo "2623"]
[BlackElo "2167"]
[Result "1-0"]
[Round "08"]
[TimeControl "180+2"]
[Date "2023.01.03"]
[WhiteClock "0:00:13"]
[BlackClock "0:00:03"]

1. Nf3 d5 2. g3 Nf6 3. Bg2 e6 4. O-O Be7 5. c4 O-O 6. b3 c5 7. cxd5 Nxd5 8. Nc3 Nxc3 9. dxc3 Nc6 10. Qxd8 Rxd8 11. Bf4 f6 12. Rfd1 e5 13. Be3 Be6 14. Nd2 Rac8 15. Ne4 b6 16. Rxd8+ Nxd8 17. Rd1 Nf7 18. c4 Rd8 19. Rxd8+ Nxd8 20. Nc3 Kf7 21. Nb5 a6 22. Nc7 Bc8 23. Bd5+ Kf8 24. a4 Nb7 25. Nxa6 Na5 26. b4 Bxa6 27. bxa5 bxa5 28. Bd2 Bd8 29. f4 Bc8 30. Bc6 Be6 31. Bb5 e4 32. Kf2 f5 33. Bc3 Kf7 34. Be5 g6 35. Ke3 Ke7 36. g4 Bb6 37. gxf5 gxf5 38. Kf2 Kf7 39. Kg3 Ke7 40. Kh4 Kf7 41. Kh5 Kg8 42. Kg5 Kf7 43. Kh6 Kg8 44. Bd6 Bc8 45. Bc6 Be6 46. Bb5 Bf7 47. e3 Bg6 48. Bd7 Kf7 49. Be5 Ke7 50. Bc6 Kf7 51. Bd5+ Ke7 52. Kg5 Kf8 53. Be6 Ke7 54. Bxf5 Bf7 55. Bxe4 Bxc4 56. Bxh7 Bb3 57. f5 Bxa4 58. f6+ Ke6 59. Bc3 Bd8 60. Bg8+ Kd7 61. Kg6 Bc2+ 62. Kg7 Be4 63. f7 Be7 64. f8=Q Bxf8+ 65. Kxf8 a4 66. h4 Kc6 67. h5 Kb5 68. h6 a3 69. Kg7 Ka4 70. Bf7 Kb5 71. Bg6 Bxg6 72. Kxg6 Kc4 73. Ba1 Kb3 74. h7 1-0


[Site "https://www.chess.com"]

[Event "Titled Tuesday Blitz January 03 Late 2023"]
[White "Jaracz, Pawel"]
[Black "Grigoriants, Sergey"]
[WhiteFideId "1102222"]
[BlackFideId "4130804"]
[WhiteElo "2467"]
[BlackElo "2562"]
[Result "1/2-1/2"]
[Round "08"]
[TimeControl "180+2"]
[Date "2023.01.03"]
[WhiteClock "0:00:11"]
[BlackClock "0:00:06"]

1. e4 e5 2. Nf3 Nc6 3. Bb5 a6 4. Ba4 Nf6 5. d3 Bc5 6. c3 b5 7. Bc2 d6 8. d4 Bb6 9. h3 h6 10. O-O O-O 11. Re1 Re8 12. a3 Bb7 13. b4 a5 14. Bb2 exd4 15. cxd4 axb4 16. d5 Ne5 17. Nxe5 dxe5 18. axb4 Rxa1 19. Bxa1 c6 20. dxc6 Bxc6 21. Nd2 Qe7 22. Bc3 Rd8 23. Qa1 Bd4 24. Nf3 Bxc3 25. Qxc3 Rc8 26. Qxe5 Qxb4 27. Rb1 Qc4 28. Rb2 Bxe4 29. Bxe4 Nxe4 30. Qxb5 Qc1+ 31. Kh2 Qc7+ 32. Qe5 Qxe5+ 33. Nxe5 Re8 1/2-1/2


[Site "https://www.chess.com"]

[Event "Titled Tuesday Blitz January 03 Late 2023"]
[White "Popilski, Gil"]
[Black "Ibarra Jerez, Jose Carlos"]
[WhiteFideId "2809060"]
[BlackFideId "2226332"]
[WhiteElo "2443"]
[BlackElo "2563"]
[Result "0-1"]
[Round "08"]
[TimeControl "180+2"]
[Date "2023.01.03"]
[WhiteClock "0:00:02"]
[BlackClock "0:00:14"]

1. e4 c5 2. Nf3 Nc6 3. Bb5 e6 4. O-O Nge7 5. Re1 Nd4 6. Bf1 Nec6 7. Na3 Be7 8. Nc4 O-O 9. a4 f5 10. e5 b6 11. Nxd4 cxd4 12. c3 Bb7 13. b4 a6 14. Rb1 b5 15. axb5 axb5 16. Na3 Qb8 17. Nxb5 Nxe5 18. Nxd4 Ng4 19. g3 Bf6 20. Nf3 f4 21. Bg2 fxg3 22. hxg3 h5 23. d4 Ra2 24. Bf4 Qa8 25. Be3 h4 26. gxh4 Be7 27. Ng5 Nxe3 28. Bxb7 Qxb7 29. Qh5 Qg2# 0-1


[Site "https://www.chess.com"]

[Event "Titled Tuesday Blitz January 03 Late 2023"]
[White "Pichot, Alan"]
[Black "Alikhanov, Felix"]
[WhiteFideId "110973"]
[BlackFideId "4157427"]
[WhiteElo "2638"]
[BlackElo "2434"]
[Result "1-0"]
[Round "08"]
[TimeControl "180+2"]
[Date "2023.01.03"]
[WhiteClock "0:01:06"]
[BlackClock "0:00:13"]

1. c4 Nf6 2. Nc3 e5 3. Nf3 Nc6 4. e3 Bb4 5. Qc2 Bxc3 6. Qxc3 Qe7 7. a3 a5 8. d3 O-O 9. b3 d5 10. cxd5 Nxd5 11. Qc2 Re8 12. Bb2 Bg4 13. Be2 Rad8 14. O-O f5 15. h3 Bh5 16. Nxe5 Bxe2 17. Nxc6 bxc6 18. Qxe2 Nf4 19. Qf3 Nxd3 20. Bc3 Qc5 21. Bd4 Qb5 22. Rfd1 f4 23. Qg4 Rxd4 24. exd4 c5 25. Qf3 cxd4 26. Rxd3 c5 27. Rc1 h6 28. a4 Qb8 29. Rxc5 Re1+ 30. Kh2 Qd6 31. Qd5+ Qxd5 32. Rxd5 1-0


[Site "https://www.chess.com"]

[Event "Titled Tuesday Blitz January 03 Late 2023"]
[White "Bilan, Danila"]
[Black "Bryakin, Mikhail"]
[WhiteFideId "24161918"]
[BlackFideId "4165314"]
[WhiteElo "2303"]
[BlackElo "2455"]
[Result "0-1"]
[Round "08"]
[TimeControl "180+2"]
[Date "2023.01.03"]
[WhiteClock "0:00:05"]
[BlackClock "0:01:29"]

1. d4 d6 2. Nf3 Bg4 3. e4 Nf6 4. Nc3 c6 5. Be2 e6 6. Bg5 Be7 7. e5 dxe5 8. dxe5 Qxd1+ 9. Rxd1 Nd5 10. Ne4 Nd7 11. c4 N5b6 12. Nd6+ Bxd6 13. exd6 f6 14. Be3 c5 15. b3 O-O-O 16. h3 Bh5 17. O-O Kb8 18. Rfe1 Nc8 19. Nd4 cxd4 20. Bxh5 dxe3 21. Rxe3 e5 22. b4 b6 23. Rc3 Nf8 24. c5 Ne6 25. Bg4 Nd4 26. Rc4 f5 27. Bf3 Nxf3+ 28. gxf3 b5 29. Rc3 a6 30. a4 Rhf8 31. Ra1 Rf7 32. axb5 axb5 33. Rca3 Ra7 34. Rxa7 Nxa7 35. Ra5 Kb7 36. Kg2 g5 37. Kg3 h6 38. h4 Rb8 39. hxg5 hxg5 40. Ra1 Rh8 41. Rd1 Nc6 42. Rd5 Re8 43. Rd1 Nxb4 44. Rb1 Nd3 45. Rxb5+ Kc6 46. Ra5 Nxc5 47. d7 Nxd7 48. Ra6+ Nb6 49. Ra7 Rg8 50. Rg7 Rxg7 0-1


[Site "https://www.chess.com"]

[Event "Titled Tuesday Blitz January 03 Late 2023"]
[White "Martins, Bruno Andre Leite"]
[Black "Yuan, Qingyu"]
[WhiteFideId "1942255"]
[BlackFideId "8609772"]
[WhiteElo "2348"]
[BlackElo "2373"]
[Result "0-1"]
[Round "08"]
[TimeControl "180+2"]
[Date "2023.01.03"]
[WhiteClock "0:00:01"]
[BlackClock "0:00:03"]

1. e4 e5 2. Nf3 Nc6 3. d4 exd4 4. Nxd4 Nf6 5. Nc3 Bb4 6. Nxc6 bxc6 7. Bd3 O-O 8. O-O d5 9. exd5 Bg4 10. f3 Bh5 11. dxc6 Qd4+ 12. Kh1 Bxc3 13. bxc3 Qxc3 14. Rb1 Qxc6 15. Rb3 Rad8 16. Bb2 Nd5 17. Qa1 f6 18. Be4 Bg6 19. Rd1 Bxe4 20. fxe4 Nf4 21. Rg3 Qxc2 22. Rc1 Qe2 23. Re1 Qd2 24. Bc3 Qd7 25. e5 Nh5 26. Rh3 Qg4 27. exf6 Nxf6 28. Rg3 Qh4 29. Re7 Rf7 30. Rxf7 Kxf7 31. Qb1 Ng4 32. Qf5+ Nf6 33. Qb1 Qe4 34. Qb3+ Qd5 35. h3 Qxb3 36. axb3 Rd6 37. Kh2 Rc6 38. Be5 g6 39. Rf3 Ke7 40. Re3 Nd5 41. Rd3 Ke6 42. Bg3 Nb4 43. Rd4 Nd5 44. Ra4 a6 45. Ra5 Rb6 46. h4 Rxb3 47. Rxa6+ Rb6 48. Ra7 Rc6 49. Rb7 Rc2 50. Rb8 Ne3 51. Kh3 Nf5 52. Bf4 Rc3+ 53. g3 h5 54. Re8+ Kf7 55. Rc8 c5 56. Rc7+ Ke6 57. Rc6+ Kf7 58. Rc7+ Kf8 59. Rc8+ Ke7 60. Rc7+ Ke6 61. Rc6+ Kd5 62. Rxg6 Ke4 63. Re6+ Kf3 64. Re5 Nd4 65. Re1 Ne2 66. Be5 Rc2 67. Rf1+ Ke4 68. Bc7 c4 0-1


[Site "https://www.chess.com"]

[Event "Titled Tuesday Blitz January 03 Late 2023"]
[White "Avila Pavas, Santiago"]
[Black "Davtyan, David Arm."]
[WhiteFideId "4437128"]
[BlackFideId "13310046"]
[WhiteElo "2522"]
[BlackElo "2344"]
[Result "1-0"]
[Round "08"]
[TimeControl "180+2"]
[Date "2023.01.03"]
[WhiteClock "0:00:23"]
[BlackClock "0:00:03"]

1. d4 d5 2. Bf4 Nf6 3. e3 c5 4. c3 Nc6 5. Nd2 cxd4 6. exd4 Bf5 7. Qb3 Qd7 8. Ngf3 e6 9. Ne5 Qc8 10. Nxc6 bxc6 11. Qa4 Be7 12. Ba6 Qd7 13. Nf3 Bd6 14. Bxd6 Qxd6 15. Ne5 O-O 16. Qxc6 Qe7 17. b4 Rab8 18. Qc5 Qd8 19. Nc6 Qc7 20. Ne7+ Qxe7 21. Qxe7 Rfe8 22. Qc5 Ne4 23. Qa5 Nxc3 24. Rc1 Ne4 25. Qc7 Rxb4 26. O-O Rxd4 27. Qe7 Nf6 28. Rc8 Rxc8 29. Bxc8 h6 30. Qxa7 Rc4 31. Qa8 Kh7 32. a4 d4 33. a5 d3 34. Bb7 d2 35. Bf3 Rc1 36. Qd8 Nd5 37. Qh4 g6 38. Qd4 Rc2 39. Bxd5 exd5 40. Qxd5 Be6 41. Qd3 Ra2 42. Rd1 Bf5 43. Qd4 Rxa5 44. Qxd2 Ra2 45. Qxa2 1-0


[Site "https://www.chess.com"]